Map: 回聲 - 天梯版(虛空之遺)

Players

MajOr (SpeCial) - Winner!

  • Race: Terran Terran
  • Spawn Location: 11:00

iAsonu

  • Race: Zerg Zerg
  • Spawn Location: 5:00

Event: WESG 2016 Finals

VOD

Have the link to the VOD?

Description

Time

  • Played on: Jan. 13, 2017, 12:42 a.m.
  • Length: 13:56

All games in this series

Show
View Real Time Build Order
Export as new Build Order

MajOr Terran - Winner!

Build Orders: MMM Bio 

Get SALT Encoding   

  12  0:00  SCV  
  13  0:13  SCV  
  14  0:18  Supply Depot  
  14  0:25  SCV  
  15  0:39  SCV  
  16  0:43  Barracks  
  16  0:45  Refinery  
  16  0:51  SCV  
  17  0:59  Barracks  
  17  1:03  SCV  
  18  1:15  SCV  
  19  1:30  Orbital Command  
  19  1:32  Barracks  
  19  1:35  Reaper  
  20  1:46  Reaper  
  21  1:49  Supply Depot  
  21  1:56  SCV  
  21  1:58  Refinery  
  22  2:07  Reaper  
  23  2:11  SCV  
  24  2:23  SCV, Supply Depot, Reaper  
  26  2:32  Reaper  
  26  2:35  SCV  
  28  2:43  Reaper  
  29  2:47  SCV  
  29  2:50  Command Center  
  30  2:55  Reaper  
  31  2:59  SCV  
  31  3:04  Reaper  
  33  3:08  Supply Depot  
  33  3:11  SCV  
  34  3:15  Reaper  
  35  3:24  SCV  
  36  3:27  Reaper  
  37  3:38  Command Center  
  37  3:40  Reaper  
  38  3:41  SCV  
  39  3:49  Reaper  
  39  3:53  SCV  
  40  3:59  Reaper  
  40  4:02  Orbital Command  
  41  4:05  SCV  
  42  4:13  Barracks Tech Lab  
  42  4:18  SCV  
  43  4:27  Supply Depot  
  43  4:28  Barracks Reactor, SCV  
  43  4:30  SCV  
  45  4:31  Marine, Combat Shields  
  45  4:32  Barracks Reactor  
  46  4:40  SCV  
  46  4:42  SCV  
  48  4:49  Marine  
  48  4:51  Engineering Bay x2  
  48  4:52  Orbital Command  
  49  4:53  SCV  
  49  4:56  SCV  
  51  5:04  Marine x2  
  51  5:05  SCV  
  54  5:07  Marine  
  54  5:09  Marine, SCV  
  54  5:10  Marine, Factory  
  58  5:17  SCV  
  58  5:18  Terran Infantry Weapons Level 1  
  58  5:22  Marine x2  
  58  5:23  Terran Infantry Armor Level 1  
  58  5:25  Marine  
  58  5:27  Marine  
  58  5:28  Marine  
  63  5:30  SCV x2  
  65  5:39  SCV  
  65  5:40  Marine x2  
  65  5:42  SCV x2  
  70  5:45  Refinery, Marine x2, Barracks  
  70  5:46  Barracks, Refinery  
  70  5:48  Marine  
  73  5:52  Orbital Command  
  73  5:54  Stimpack  
  73  5:58  Marine x2, SCV x2  
  73  6:03  Marine x2  
  79  6:08  Starport  
  79  6:09  Marine  
  79  6:11  SCV x2  
  81  6:15  Marine, Supply Depot  
  81  6:16  Marine  
  83  6:22  Marine x2  
  85  6:28  Marine, SCV x3  
  85  6:29  Factory Reactor  
  89  6:34  Marine x2  
  89  6:35  Supply Depot  
  89  6:37  Barracks Reactor x2  
  89  6:38  Supply Depot  
  91  6:41  SCV x3  
  94  6:49  Armory  
  94  6:53  SCV x3  
  89  6:57  Marine x3  
  89  6:59  Marine x2  
  93  7:05  SCV x3  
  96  7:13  Supply Depot  
  96  7:14  Marine x3, Medivac x2  
  96  7:15  Marine x2  
  103  7:17  Factory Reactor  
  103  7:18  Marine x2  
  103  7:20  SCV x2  
  103  7:22  SCV  
  110  7:25  Marine  
  111  7:36  Supply Depot  
  111  7:37  Supply Depot, Terran Infantry Weapons Level 2  
  111  7:38  Marine x2, Terran Infantry Armor Level 2  
  111  7:39  Marine x2  
  115  7:48  Medivac x2  
  115  7:50  Marine x4  
  121  7:55  Widow Mine x2  
  121  7:57  Marine x4  
  129  7:59  Supply Depot  
  129  8:00  Marine  
  129  8:01  Supply Depot  
  130  8:08  Marine x4  
  128  8:15  Marine x4  
  128  8:17  Marine  
  130  8:22  SCV x2  
  130  8:26  Marine x2  
  130  8:27  Medivac x2  
  134  8:28  Widow Mine x2  
  134  8:30  Supply Depot  
  134  8:33  Marine  
  141  8:38  Marine x4  
  141  8:39  Marine  
  146  8:44  Marine x2  
  148  8:49  SCV  
  148  8:50  Barracks  
  148  8:51  SCV  
  148  8:53  SCV  
  150  8:56  Medivac, Widow Mine x2  
  150  8:57  Medivac  
  150  8:58  Marine x2  
  150  9:01  SCV  
  157  9:08  SCV x2  
  157  9:14  Marine x2  
  145  9:20  Marine x2  
  145  9:22  Marine  
  145  9:23  Marine  
  144  9:25  Marine x2  
  144  9:26  Medivac  
  144  9:27  Medivac  
  144  9:28  SCV x3  
  144  9:29  Barracks  
  144  9:30  Marine  
  154  9:32  Marine  
  154  9:33  Marine  
  154  9:38  Marine x2  
  156  9:43  Marine  
  156  9:44  Marine x2  
  152  9:48  Barracks Tech Lab  
  152  9:50  Supply Depot  
  152  9:51  Marine x3, Marauder  
  156  9:55  Widow Mine x2  
  156  9:56  Medivac  
  156  9:57  Medivac  
  156  9:58  Marine x2  
  166  10:01  Marine  
  166  10:07  Marine, Marauder  
  169  10:10  Marine  
  169  10:13  Marauder  
  173  10:16  Marine x2  
  173  10:18  Marine  
  173  10:20  Command Center  
  173  10:26  Medivac x2  
  177  10:28  Marauder, Concussive Shells  
  177  10:29  Marine x3  
  177  10:31  Marine  
  177  10:34  Marauder  
  176  10:39  Marine x2  
  176  10:42  Marine  
  161  10:44  Marine  
  161  10:45  Marine  
  161  10:47  Terran Infantry Weapons Level 3  
  161  10:49  Marine x3  
  152  10:50  Marauder  
  152  10:52  Marine  
  151  11:03  Marine x2, Marauder  
  153  11:06  Marine x2  
  153  11:07  Marine  
  153  11:08  Marine x2  
  157  11:11  Marine  
  157  11:12  Medivac x2  
  157  11:13  Widow Mine  
  157  11:17  Marauder, Barracks Reactor  
  165  11:21  Marine x2  
  165  11:24  Marine x2  
  165  11:25  Marine x2, Marauder  
  155  11:29  Marine  
  157  11:39  Marine x2, Marauder  
  146  11:40  Marine  
  146  11:43  Marine x2  
  146  11:45  Marine  
  149  11:49  Marine x2, Widow Mine x2  
  154  11:55  Medivac x2  
  154  11:56  Marine x3  
  154  11:57  Marine  
  151  12:01  Marine  
  151  12:02  Marine, Marauder  
  151  12:06  Marine x2  
  151  12:08  Marine  
  158  12:09  Marine  
  158  12:14  Marauder  
  160  12:16  Marine x3  
  160  12:21  Widow Mine  
  165  12:25  Marine x2, Medivac  
  165  12:27  Marine x2  
  165  12:29  Marine x2  
  173  12:34  Planetary Fortress  
  173  12:35  Marine  
  173  12:36  Marine  
  175  12:37  Marine  
  174  12:44  Marine, Marauder  
  174  12:48  Medivac, Widow Mine  
  174  12:49  Widow Mine  
  181  12:53  Marine  
  181  12:54  Marine, Marauder  
  185  12:59  Marine x5  
  178  13:06  Marauder  
  178  13:07  Marine x2  
  178  13:10  Marine  
  178  13:11  Marine  
  178  13:12  SCV x3  
  182  13:17  Widow Mine  
  182  13:18  Widow Mine  
  186  13:25  Marine x4, Missile Turret  
  186  13:26  Marauder  
  192  13:28  Refinery  
  192  13:29  Refinery, Starport  
  192  13:33  Marine, Marauder  
  190  13:37  Marine x3  
Show
View Real Time Build Order
Export as new Build Order

iAsonu Zerg 

Build Orders: Pool First 

Get SALT Encoding   

  12  0:00  Drone  
  13  0:12  Overlord  
  13  0:17  Drone  
  14  0:30  Drone  
  14  0:31  Drone  
  14  0:34  Drone  
  17  0:44  Spawning Pool  
  17  0:48  Drone  
  17  1:09  Hatchery  
  17  1:11  Drone  
  17  1:13  Drone  
  18  1:18  Extractor  
  18  1:19  Drone  
  18  1:28  Drone  
  18  1:30  Queen  
  21  1:40  Drone  
  22  1:49  Overlord  
  22  2:09  Hatchery  
  22  2:10  Zergling x2  
  22  2:13  Queen  
  24  2:23  Metabolic Boost  
  24  2:26  Zergling x4  
  24  2:29  Zergling x2  
  27  2:42  Zergling x6  
  30  2:48  Queen  
  32  2:53  Overlord  
  32  3:01  Zergling x4  
  34  3:10  Drone  
  34  3:11  Drone  
  34  3:12  Zergling x4  
  38  3:31  Overlord  
  38  3:37  Drone  
  38  3:40  Drone  
  40  3:41  Drone  
  40  3:42  Drone x3  
  40  3:47  Overlord  
  44  3:54  Hatchery  
  43  3:58  Zergling x2  
  43  3:59  Zergling x10  
  49  4:08  Drone x2  
  51  4:11  Zergling x2  
  51  4:16  Overlord  
  52  4:18  Queen  
  54  4:24  Drone  
  54  4:26  Drone  
  54  4:28  Drone  
  54  4:29  Queen  
  59  4:33  Drone  
  59  4:35  Drone x2  
  62  4:45  Overlord  
  61  4:46  Drone  
  61  4:49  Drone  
  61  4:51  Drone  
  61  4:52  Extractor  
  63  4:54  Drone  
  63  4:55  Drone  
  63  4:59  Drone x2  
  67  5:03  Baneling Nest  
  67  5:04  Overlord  
  66  5:07  Drone  
  66  5:08  Drone  
  66  5:09  Drone x2  
  70  5:15  Drone  
  70  5:19  Drone  
  72  5:22  Drone  
  72  5:27  Drone  
  74  5:38  Drone x6  
  74  5:41  Drone  
  81  5:43  Evolution Chamber x2, Overlord  
  81  5:45  Drone x2  
  81  5:52  Extractor  
  81  5:53  Lair  
  81  5:55  Overlord  
  81  5:56  Drone  
  80  6:07  Drone  
  80  6:08  Drone x2  
  80  6:09  Drone  
  80  6:10  Zerg Ground Armor Level 1, Zerg Melee Weapons Level 1  
  83  6:12  Drone x6  
  83  6:14  Zergling x6  
  91  6:22  Zergling x8  
  95  6:27  Extractor x2  
  95  6:30  Extractor  
  95  6:31  Hatchery  
  95  6:32  Baneling x5  
  91  6:33  Zergling x2  
  91  6:34  Zergling x6  
  95  6:40  Overlord  
  95  6:44  Drone  
  95  6:47  Drone x2  
  93  6:54  Overlord  
  92  7:02  Centrifical Hooks  
  92  7:05  Drone, Zergling x18  
  102  7:12  Drone  
  102  7:13  Queen  
  105  7:16  Zergling x2  
  106  7:25  Baneling  
  106  7:26  Baneling x4  
  106  7:27  Overseer  
  106  7:29  Zergling x8  
  110  7:32  Queen  
  110  7:33  Overlord  
  111  7:43  Zergling x8  
  111  7:44  Zergling x4  
  116  7:54  Zergling x12  
  116  7:55  Zergling x6  
  125  7:59  Hatchery  
  125  8:02  Overlord  
  125  8:03  Spire  
  125  8:05  Baneling x3  
  123  8:06  Baneling x3  
  122  8:16  Zergling x10  
  125  8:20  Pneumatized Carapace  
  125  8:26  Zergling x2  
  126  8:27  Zerg Ground Armor Level 2, Zerg Melee Weapons Level 2, Zergling x18  
  126  8:31  Drone, Overlord  
  133  8:34  Overlord  
  133  8:37  Baneling  
  133  8:38  Baneling x8  
  133  8:43  Overlord  
  133  8:50  Overlord  
  131  8:57  Zergling x18  
  123  9:27  Zergling x8  
  123  9:28  Zergling x8  
  123  9:31  Overlord  
  130  9:35  Baneling x5  
  130  9:36  Baneling x8  
  128  9:59  Drone, Corruptor x6  
  129  10:00  Corruptor  
  143  10:11  Hatchery  
  142  10:18  Overlord  
  135  10:33  Zergling x2  
  135  10:34  Zergling x10  
  116  10:44  Zergling x10  
  116  10:45  Zergling x26  
  116  10:49  Baneling x9  
  115  11:01  Zergling x6  
  115  11:02  Zergling x24  
  130  11:07  Drone  
  131  11:13  Drone  
  102  11:26  Zergling x14  
  102  11:29  Baneling  
  102  11:30  Baneling x10  
  97  11:49  Zergling x2  
  97  11:50  Zergling x32  
  107  12:01  Zergling x12  
  106  12:02  Overseer  
  106  12:08  Baneling x10  
  106  12:09  Baneling x8  
  106  12:20  Zergling x14  
  110  12:30  Baneling x2  
  110  12:31  Baneling x9  
  110  12:40  Overseer  
  108  12:50  Zergling x18  
  110  13:06  Zergling x16  
  110  13:10  Baneling x4  
  112  13:22  Baneling x3  
Tags
 
Add a new tag
Caveats
  • Supply blocks, unpowered buildings, or Contaminate may cause inaccurate times.
  • Supply counts are checked every 10 seconds.